AoeStats
← Xenol

Arabia

508318090Analyzed
1v1 RM · 12d ago on Sep 21, 2026· 40m 28s· 2 players
Game mode
Random Map
Map size
Tiny (2 player)
Population
200
Speed
Normal
Resources
Standard
Victory
Conquest
Starting age
Dark Age
Ending age
Imperial Age
RankedLock teamsTeams togetherTeam positionsShared explorationLock speedFull tech treeHidden civsTurbo modeCheats
Victory
Defeat
🇦🇷 Tupi · Argentina
737
+17
🇹🇷 Slavs · Türkiye
759
-17
Lord_Engineer
7:40 Loom
10:45 Feudal Age
11:32 Double-Bit Axe
16:10 Castle Age
17:49 Padded Archer Armor
17:39 Fletching
22:32 Bodkin Arrow
24:57 Leather Archer Armor
34:05 Ballistics
Xenol
6:26 Loom
14:06 Loom
16:22 Feudal Age
21:46 Castle Age
22:23 Man-at-Arms
33:14 Forging
Connection lost

Rejoining the realm…

Still unreachable

The connection could not be restored.

Session expired

The server has moved on; the page needs a fresh start.